 Dungeon Crawl Stone Soup version 0.30-a0-1123-gabc949cf19 (webtiles) character file.

Game seed: 15373485138962571700

21819 Sobieck the Brawler (level 12, -1/126 HPs)
             Began as a Troll Monk on Apr 22, 2023.
             Was an Elder of Wu Jian.
             Killed from afar by Frances (41 damage)
             ... with a shard of ice
             ... on level 13 of the Dungeon.
             The game lasted 00:27:08 (11616 turns).

Sobieck the Brawler (Troll Monk)                   Turns: 11616, Time: 00:27:09

Health: -1/126     AC:  9    Str: 26    XL:     12   Next: 57%
Magic:  11/11      EV: 10    Int:  6    God:    Wu Jian [****..]
Gold:   444        SH:  0    Dex: 12    Spells: 5/11 levels left

rFire   . .          .
                       - Unarmed
rCold   . . .        c - orb {light}
rNeg    . . .        L - +0 steam dragon scales
rPois   .            P - +2 hat
rElec   .            (no cloak)
rCorr   .            (gloves unavailable)
SInv    .            (boots unavailable)
Will    .....        (no amulet)
Stlth   +            v - ring of wizardry
HPRegen 1.21/turn    w - +4 ring of slaying
MPRegen 0.12/turn

%: wizardry (x1)
@: exhausted, glowing, studying Unarmed Combat
A: large, unfitting armour, claws 3, regeneration 1, shaggy fur 1, tough skin 1
a: Renounce Religion, Wall Jump, Serpent's Lash


You were on level 13 of the Dungeon.
You worshipped Wu Jian.
Wu Jian was greatly pleased with you.
You visited 2 branches of the dungeon, and saw 14 of its levels.

You collected 1800 gold pieces.
You spent 1356 gold pieces at shops.


Innate Abilities, Weirdness & Mutations

You are too large for most types of armour.
You have claws for hands.
Your natural rate of healing is unusually fast.
You are covered in fur. (AC +1)
You have tough skin. (AC +1)


   Skills:
 - Level 10.0 Fighting
 - Level 2.4 Dodging
 + Level 16.9 Unarmed Combat
 + Level 4.4 Transmutations
 + Level 5.4 Earth Magic


You had 5 spell levels left.
You knew the following spells:

 Your Spells              Type           Power      Damage    Failure   Level
a - Statue Form           Tmut/Erth      3%         N/A       98%         6

Your spell library contained the following spells:

 Spells                   Type           Power      Damage    Failure   Level
 Magic Dart               Conj           0%         1d3       21%         1
 Necrotise                Necr           0%         1d4       21%         1
 Slow                     Hex            0%         N/A       21%         1
 Blink                    Tloc           0%         N/A       28%         2
 Call Imp                 Summ           0%         N/A       28%         2
 Lesser Beckoning         Tloc           0%         N/A       28%         2
 Momentum Strike          Conj/Tloc      0%         3d8       28%         2
 Confusing Touch          Hex            0%         N/A       50%         3
 Inner Flame              Hex/Fire       0%         N/A       50%         3
 Mephitic Cloud           Conj/Pois/Air  0%         N/A       50%         3
 Vampiric Draining        Necr           0%         2d6       50%         3
 Lee's Rapid Deconstruct  Erth           3%         3d5*      50%         5
 Leda's Liquefaction      Hex/Erth       1%         N/A       52%         4
 Flame Wave               Conj/Fire      0%         2d4       86%         4
 Sticky Flame             Conj/Fire      0%         2d3       86%         4
 Agony                    Necr           0%         N/A       99%         5

Inventory:

Hand Weapons
 q - the +1 sling "Killer Bee's Death" {freeze, Int+2}
   (You found it on level 2 of the Dungeon)

   Int:       It affects your intelligence (+2).
Missiles
 i - 35 poisoned darts (quivered) {throwing}
 j - 99 stones {throwing}
 o - 9 large rocks {=fthrowing}
 D - 5 throwing nets {=f!fthrowing}
 H - 4 javelins {throwing}
 Z - 7 curare-tipped darts {=fthrowing}
Armour
 c - an orb of light (worn)
 g - a +1 hat
   (You found it on level 11 of the Dungeon)
 z - a +0 troll leather armour
   (You found it on level 13 of the Dungeon)
 I - a +0 robe
   (You took it off an orc wizard on level 5 of the Dungeon)
 J - a +0 robe
   (You took it off a wight on level 5 of the Dungeon)
 L - +0 steam dragon scales (worn)
   (You found it on level 6 of the Dungeon)
 P - a +2 hat (worn)
   (You found it on level 7 of the Dungeon)
 Q - a +0 robe
   (You took it off a wight on level 7 of the Dungeon)
 R - a +0 robe
   (You took it off a wight on level 7 of the Dungeon)
 X - a +0 robe
   (You took it off an orc wizard on level 7 of the Dungeon)
Magical Staves
 m - a staff of death {!astaff}
   (You found it on level 1 of the Dungeon)
 Y - a staff of conjuration {!a@e2staff}
   (You found it on level 8 of the Dungeon)
Jewellery
 f - a ring of wizardry
   (You found it on level 1 of the Dungeon)
 v - a ring of wizardry (left claw)
   (You took it off a kobold on level 2 of the Dungeon)
 w - a +4 ring of slaying (right claw)
   (You found it on level 11 of the Dungeon)
 B - a ring of fire
   (You found it on level 4 of the Dungeon)
Wands
 a - a wand of light (2)
   (You took it off a centaur on level 10 of the Dungeon)
 A - a wand of polymorph (6)
   (You took it off Blork the orc on level 4 of the Dungeon)
 C - a wand of mindburst (24)
   (You found it on level 4 of the Dungeon)
 F - a wand of iceblast (13)
   (You found it on level 8 of the Dungeon)
 N - a wand of digging (6)
   (You found it on level 7 of the Dungeon)
 O - a wand of flame (17)
   (You found it on level 7 of the Dungeon)
 U - a wand of paralysis (6)
   (You found it on level 11 of the Dungeon)
Scrolls
 h - 6 scrolls of fog
 k - 2 scrolls of noise {!r}
 l - 9 scrolls of teleportation {@r4}
 n - 2 scrolls of immolation {!r!r}
 r - 3 scrolls of blinking {!r}
 y - 2 scrolls of fear
 M - a scroll of magic mapping {!r}
 S - 2 scrolls of identify {@r1}
 V - a scroll of torment {!r}
 W - a scroll of poison {!r}
Potions
 b - 3 potions of ambrosia
 d - 5 potions of curing {@q1}
 e - 3 potions of berserk rage {!q}
 p - 4 potions of haste {@q3}
 s - 3 potions of magic
 t - 2 potions of might
 u - a potion of flight
 x - 2 potions of attraction {!q}
 G - 2 potions of lignification {!q}
 K - 2 potions of degeneration {!q@e2}
 T - a potion of brilliance
Miscellaneous
 E - a phantom mirror
   (You found it on level 9 of the Dungeon)

Dungeon Overview and Level Annotations

Branches:
Dungeon (13/15) Zot: 26274  Temple (1/1) D:5 Zot: 5842    Lair (0/5) D:9
    Orc (0/2) D:9          Vaults (0/5) D:13

Altars:
Ashenzari
Cheibriados
Dithmenos
Elyvilon
Fedhas
Gozag
Hepliaklqana
Kikubaaqudgha
Makhleb
Nemelex Xobeh
Okawaru
Qazlal
Ru
Sif Muna
Trog
Uskayaw
Vehumet
Wu Jian
Xom
Yredelemnul
Zin
The Shining One

Shops:
D:3 :   D:4 :(   D:5 :   D:7 (

Annotations:
D:8 exclusion: door
D:13 Frances, Rupert

###...... ##...#
........# 8...8
###.....# #...#
#.....# #...# #.....#
##..@## #.....#
#8.$.8 #.....#
#..@#### ### #......
#..@##8###8####.###.
##...○........#..###.
#8....°..............
##...................
#...##8###8#........
##...########........
#8...8#...<..........
##...##..............
#...##......###.....


You could see Frances and Rupert.


Message History

a +0 robe; a +6 great sword {long}; a +2 ring mail of cold resistance You see here a +0 robe.
You now have 392 gold pieces (gained 17).
A slime creature comes into view.
The slime creature quivers.
The slime creature moves out of view. 2 slime creatures come into view.
Danger!
A slime creature comes into view.
Found a stone staircase leading down.
The slime creature quivers.
You eviscerate the slime creature!!! The slime creature hits you!
A cyclops comes into view.
Aiming: Wall Jump
Press: ? - help, Dir - move target You repeatedly attack the slime creature from above.
You completely miss the slime creature. You eviscerate the slime creature!!!
You repeatedly attack the slime creature from above.
You mangle the slime creature!!
You kill the slime creature!
The Council accepts your kill. The slime creature barely misses you.
The slime creature hits you!!
You spin and attack the slime creature.
You mangle the slime creature!! The slime creature barely misses you.
You spin and attack the slime creature repeatedly.
You scratch the slime creature. You mangle the slime creature!!
You kill the slime creature!
The Council accepts your kill.
The slime creature attacks as you move away!
The slime creature hits you.
Aiming: Wall Jump
Press: ? - help, Dir - move target You repeatedly attack the slime creature from above.
You mangle the slime creature!! You eviscerate the slime creature!!!
You kill the slime creature!
The Council accepts your kill. The cyclops hits you.
You mangle the cyclops!! You claw the cyclops! The cyclops hits you!!
You mangle the cyclops!!
You kill the cyclops!
The Council accepts your kill.
o - 9 large rocks {=fthrowing} (gained 4) Unknown command.
You start resting.
Unknown command.
Unknown command.
You see here a human skeleton.
Things that are here:
a +0 shortbow {bow}; a centaur skeleton
p - 4 potions of haste {@q3} (gained 1)
Things that are here:
a +0 shortbow {bow}; a centaur skeleton
Items here: )) ÷÷.
You now have 408 gold pieces (gained 16).
Your pack is full.
You see here a scroll of identify {@r1}.
Unknown command.
You don't currently have any unidentified items.
Unknown command.
You drop a +0 robe.
S - a scroll of identify {@r1} You see here a +0 robe.
S - 2 scrolls of identify {@r1} (gained 1)
h - 6 scrolls of fog (gained 1)
Found an escape hatch in the ceiling.
Unknown command.
You now have 425 gold pieces (gained 17).
You now have 444 gold pieces (gained 19).
l - 9 scrolls of teleportation {@r4} (gained 1)
A human comes into view.
Danger!
You lunge at the human.
You eviscerate the human!!!
You kill the human!
The Council accepts your kill.
No target in view!
No target in view!
You see here a human corpse.
Frances, Duchess of Pandemonium comes into view.
She is wielding a +0 scimitar.
Frances shouts!
Frances mutters in a terrible tongue.
The shard of ice hits you!!
Danger!
Frances mutters in a terrible tongue.
The shard of ice hits you!!!
* * * LOW HITPOINT WARNING * * *
You hear a shout!
Your muscles tense, ready for explosive movement...
Rupert the Wild comes into view.
He is wielding a +4 heavy great sword.
Your supernatural speed expires.
Unknown command.
You mangle Frances!! Frances hits you with a +0 scimitar.
* * * LOW HITPOINT WARNING * * *
Unknown command.
You mangle Frances!!
Unknown command.
You completely miss Frances.
Frances chants phrases taken from a devil's mouth.
The shard of ice hits you!!!
You die...

Skill      XL: |  1  2  3  4  5  6  7  8  9 10 11 12 |
---------------+-------------------------------------+-----
Fighting       | 3 4 5 6 7 8 10 | 10.0
Unarmed Combat | 4 5 6 7 9 12 13 15 16 | 16.9
Earth Magic    | 3 5 |  5.4
Transmutations | 2 4 |  4.4
Dodging        | |  2.4

Action                     |  1- 3 |  4- 6 |  7- 9 | 10-12 || total
---------------------------+-------+-------+-------+-------++-------
  Melee: Unarmed           |    86 |    30 |   283 |   386 ||   785
  Throw: Dart              |       |       |     1 |       ||     1
 Invoke: Serpent's Lash    |       |       |       |     2 ||     2
Ability: Lunge             |       |       |       |    21 ||    21
         Whirlwind         |       |       |       |    21 ||    21
         Wall Jump         |       |       |       |    16 ||    16
    Use: Scroll            |       |       |    15 |     8 ||    23
 Armour: Robe              |    29 |     6 |    28 |       ||    63
         Steam dragon scal |       |       |    27 |   131 ||   158
  Dodge: Dodged            |    43 |    18 |   111 |   184 ||   356

Levels and vault maps discovered:
D:1:      lemuel_arrival_tunnels, layout_basic, kennysheep_pointless_box
D:2:      layout_basic, serial_corexii_hall, corexii_hall_statues_i,
          corexii_hall_statues_s, corexii_hall_statues_deadend,
          chequers_hall_statues_wall_a
D:3:      layout_basic, mainiacjoe_overflow_paths, serial_shops,
          nicolae_shop_hallway_stairs, uniq_sigmund
D:4:      layout_layer_cave, serial_shops, shop, nicolae_shop_hallway_stairs,
          skrybe_limestone_x, kennysheep_generic_room_7, uniq_blork_the_orc,
          uniq_grinder
D:5:      minmay_evil_eye, layout_loops_cross, mainiacjoe_overflow_alcove_4,
          minmay_temple_entry_mist, cheibrodos_sewer_entry_sluice,
          hangedman_decor_diamond_cutter, nicolae_shop_self_help
D:6:      layout_cave_pools, nicolae_tso_besieged_by_evil,
          kennysheep_generic_room_11
D:7:      layout_basic, mainiacjoe_overflow_swirl, serial_shops,
          nicolae_shop_tiny_waterfront
D:8:      layout_basic, hangedman_incinerator
D:9:      layout_basic, mainiacjoe_overflow_24_doors, dpeg_oklobed_lair,
          special_room [special_room_orc]
D:10:     layout_rooms, serial_ice, serial_ice_c, serial_ice_a, serial_ice_i,
          serial_ice_f, kennysheep_generic_room_15
D:11:     layout_basic, uniq_sonja
D:12:     layout_grid_maze
D:13:     layout_rooms, david_vaults_3, serial_corexii_hall,
          corexii_hall_statues_t, corexii_hall_statues_i, drop_trap,
          uniq_rupert, uniq_frances, uniq_snorg
Temple:   regret_index_temple_sphere_string

Notes
Turn   | Place    | Note
-------+----------+-------------------------------------------
     0 | D:1      | Sobieck the Troll Monk began the quest for the Orb.
     0 | D:1      | Reached XP level 1. HP: 22/22 MP: 0/0
   107 | D:1      | Reached XP level 2. HP: 23/29 MP: 1/1
   359 | D:1      | Reached skill level 3 in Fighting
   402 | D:1      | Reached XP level 3. HP: 37/37 MP: 2/2
   881 | D:2      | Identified the +1 sling "Killer Bee's Death" {freeze,
                  | Int+2}
   916 | D:2      | You pick up a book of Debilitation and begin reading...
   916 | D:2      | You add the spells Slow, Vampiric Draining and Confusing
                  | Touch to your library.
  1365 | D:3      | Reached skill level 4 in Unarmed Combat
  1431 | D:3      | Found Qegun's Book Boutique.
  1498 | D:3      | Noticed Sigmund
  1506 | D:3      | Killed Sigmund
  1507 | D:3      | Reached skill level 4 in Fighting
  1507 | D:3      | Reached XP level 4. HP: 42/48 MP: 3/3
  1507 | D:3      | Reached XP level 5. HP: 48/54 MP: 4/4
  1623 | D:3      | Found a sparkling altar of Nemelex Xobeh.
  1650 | D:3      | Reached skill level 5 in Unarmed Combat
  1831 | D:4      | You fall into a shaft and drop 1 floor!
  1831 | D:5      | Entered Level 5 of the Dungeon
  1838 | D:5      | Noticed an ogre
  1848 | D:5      | Killed an ogre
  1849 | D:5      | Reached XP level 6. HP: 63/63 MP: 5/5
  1864 | D:5      | Reached skill level 6 in Unarmed Combat
  1864 | D:5      | Found a burning altar of Makhleb.
  1878 | D:4      | Noticed Blork the orc
  1886 | D:4      | Killed Blork the orc
  1958 | D:4      | Reached XP level 7. HP: 68/71 MP: 6/6
  1987 | D:4      | Found Runugy's Weapon Emporium.
  2049 | D:4      | Noticed Grinder
  2070 | D:4      | Killed Grinder
  2071 | D:4      | Reached skill level 5 in Fighting
  2071 | D:4      | Reached skill level 7 in Unarmed Combat
  2124 | D:4      | Found Ejidduecw's Book Emporium.
  3313 | D:5      | Reached XP level 8. HP: 79/81 MP: 7/7
  3328 | D:5      | Reached skill level 8 in Unarmed Combat
  3421 | D:5      | Found a staircase to the Ecumenical Temple.
  3430 | Temple   | Entered the Ecumenical Temple
  3776 | D:5      | Found Hebodd's Self-Improvement Boutique.
  3925 | D:5      | You pick up a book of Necromancy and begin reading...
  3925 | D:5      | You add the spells Necrotise and Agony to your library.
  4224 | D:6      | Reached skill level 6 in Fighting
  4227 | D:6      | Reached skill level 9 in Unarmed Combat
  4228 | D:6      | HP: 20/83 [white imp (2)]
  4232 | D:6      | HP: 9/83 [hound (3)]
  4460 | D:6      | Reached XP level 9. HP: 84/92 MP: 8/8
  4503 | D:6      | You pick up a book of Minor Magic and begin reading...
  4503 | D:6      | You add the spells Magic Dart, Call Imp and Mephitic Cloud
                  | to your library.
  4634 | D:6      | Found a glowing golden altar of the Shining One.
  5029 | D:7      | Reached skill level 10 in Unarmed Combat
  5045 | D:7      | Found Zizifepn's Antique Weapon Emporium.
  5231 | D:7      | Reached skill level 7 in Fighting
  5431 | D:7      | Found a white marble altar of Elyvilon.
  5441 | D:7      | Found a sacrificial altar of Ru.
  5851 | D:8      | Reached skill level 11 in Unarmed Combat
  5870 | D:8      | HP: 20/93 [shadow imp (5)]
  6361 | D:8      | Noticed a two-headed ogre
  6365 | D:8      | Killed a two-headed ogre
  6366 | D:8      | Reached skill level 12 in Unarmed Combat
  6366 | D:8      | Reached XP level 10. HP: 73/104 MP: 9/9
  6762 | D:8      | Reached skill level 8 in Fighting
  6944 | D:9      | Found an ornate altar of the Wu Jian Council.
  6948 | D:9      | Became a worshipper of the Wu Jian Council
  6948 | D:9      | Reached * piety under Wu Jian
  6948 | D:9      | Reached ** piety under Wu Jian
  6999 | D:9      | Found a staircase to the Lair.
  7140 | D:9      | Found a staircase to the Orcish Mines.
  7323 | D:9      | Reached skill level 13 in Unarmed Combat
  7577 | D:10     | Entered Level 10 of the Dungeon
  7777 | D:10     | Reached XP level 11. HP: 99/113 MP: 10/10
  7814 | D:10     | Reached skill level 9 in Fighting
  7820 | D:10     | Reached *** piety under Wu Jian
  7823 | D:10     | Reached skill level 14 in Unarmed Combat
  8018 | D:10     | You pick up a book of Flames and begin reading...
  8018 | D:10     | You add the spells Inner Flame, Sticky Flame and Flame Wave
                  | to your library.
  8466 | D:11     | Paralysed by a hornet for 2 turns
  8546 | D:11     | Noticed Sonja
  8555 | D:11     | Killed Sonja
  8636 | D:11     | Noticed a boulder beetle
  8644 | D:11     | Killed a boulder beetle
  8843 | D:11     | Identified a scroll of acquirement
  9088 | D:3      | Bought a book of the Earth for 396 gold pieces
  9088 | D:3      | You pick up a book of the Earth and begin reading...
  9088 | D:3      | You add the spells Leda's Liquefaction, Lee's Rapid
                  | Deconstruction and Statue Form to your library.
  9095 | D:3      | Learned a level 6 spell: Statue Form
  9095 | D:3      | Acquired 930 gold pieces
  9177 | D:5      | Bought a manual of Unarmed Combat for 960 gold pieces
 10042 | D:12     | Reached skill level 15 in Unarmed Combat
 10042 | D:12     | Reached skill level 1 in Earth Magic
 10465 | D:12     | Reached skill level 1 in Transmutations
 10525 | D:12     | Reached skill level 2 in Earth Magic
 10738 | D:12     | You pick up a book of Spatial Translocations and begin
                  | reading...
 10738 | D:12     | You add the spells Blink, Momentum Strike and Lesser
                  | Beckoning to your library.
 10896 | D:13     | Reached skill level 2 in Transmutations
 10928 | D:13     | Noticed a cyan ugly thing
 10929 | D:13     | Noticed a two-headed ogre
 10931 | D:13     | Noticed a centaur warrior
 10951 | D:12     | HP: 27/117 [cyan ugly thing (15)]
 10952 | D:12     | HP: 7/117 [cyan ugly thing (16)]
 10956 | D:12     | Killed a cyan ugly thing
 10957 | D:12     | Reached skill level 10 in Fighting
 11051 | D:12     | Killed a two-headed ogre
 11051 | D:12     | Reached **** piety under Wu Jian
 11052 | D:12     | Reached skill level 3 in Earth Magic
 11053 | D:12     | Reached XP level 12. HP: 89/126 MP: 11/11
 11090 | D:12     | Killed a centaur warrior
 11125 | D:12     | Reached skill level 3 in Transmutations
 11138 | D:12     | Reached skill level 16 in Unarmed Combat
 11145 | D:12     | Reached skill level 4 in Earth Magic
 11156 | D:13     | Noticed a centaur warrior
 11171 | D:13     | Killed a centaur warrior
 11206 | D:13     | Found a gate to the Vaults.
 11244 | D:13     | Noticed Snorg
 11255 | D:13     | HP: 22/126 [Snorg (14)]
 11256 | D:13     | Killed Snorg
 11257 | D:13     | Reached skill level 4 in Transmutations
 11260 | D:13     | Noticed Urug
 11261 | D:13     | HP: 14/126 [Urug/javelin (15)]
 11359 | D:13     | Killed Urug
 11359 | D:13     | Reached skill level 5 in Earth Magic
 11612 | D:13     | Noticed Frances
 11614 | D:13     | Noticed Rupert
 11616 | D:13     | Killed from afar by Frances

Vanquished Creatures
  Snorg (D:13)
  A boulder beetle (D:11)
  2 centaur warriors
  2 two-headed ogres
  Urug (D:13)
  Sonja (D:11)
  A cyclops (D:13)
  An ugly thing (D:12)
  A black mamba (shapeshifter) (D:13)
  A gargoyle (D:13)
  2 unseen horrors
  3 kobold demonologists
  3 trolls
  Grinder (D:4)
  2 hornets
  8 slime creatures
  10 yaks (D:10)
  Sigmund (D:3)
  2 shadows
  A wyvern (D:9)
  A vampire (D:13)
  A wraith (D:9)
  A basilisk (D:12)
  16 humans
  3 fire bats (D:8)
  2 steam dragons
  An unseen horror simulacrum (D:10)
  7 vampire mosquitoes
  2 acid dragons
  2 water moccasins
  A sky beast (D:7)
  3 orc warriors (D:8)
  3 ogres
  3 ice beasts
  2 wolves
  14 centaurs
  3 phantoms
  Blork the orc (D:4)
  3 bullfrogs (D:9)
  5 kobold brigands
  3 scorpions
  9 wights
  6 killer bees (D:9)
  4 electric eels
  3 jellies
  A crimson imp (D:6)
  3 hounds
  2 gnoll boudas
  4 orc priests
  2 iguanas
  9 orc wizards
  8 adders
  15 gnolls
  4 shadow imps
  6 white imps
  4 ufetubi
  5 worms
  A dart slug (D:5)
  35 orcs
  6 bats
  2 endoplasms
  2 giant cockroaches
  5 goblins
  14 hobgoblins
  8 jackals
  4 quokkas
  11 ball pythons
  3 frilled lizards
  3 hobgoblin zombies (D:6)
  18 kobolds
  A kobold zombie (D:6)
  An orc skeleton (D:6)
  A rat (D:1)
322 creatures vanquished.

Table legend:
 A = Non-vault XP
 B = Vault XP
 C = Vault XP percentage of total XP
 D = Non-vault monster count
 E = Vault monster count
 F = Vault count percentage of total count
                 A         B        C        D         E       F
            +---------+---------+-------+---------+---------+-------
      Total |   20372 |   10798 |  34.6 |     245 |      77 |  23.9
            +---------+---------+-------+---------+---------+-------
        D:1 |      41 |       0 |   0.0 |      24 |       0 |   0.0
        D:2 |      41 |       0 |   0.0 |      14 |       0 |   0.0
        D:3 |      26 |     214 |  89.2 |       9 |       1 |  10.0
        D:4 |     320 |     473 |  59.6 |      25 |       6 |  19.4
        D:5 |     728 |      48 |   6.2 |      18 |       5 |  21.7
        D:6 |     712 |     159 |  18.3 |      11 |       7 |  38.9
        D:7 |    1124 |       0 |   0.0 |      26 |       0 |   0.0
        D:8 |    1641 |     999 |  37.8 |      22 |      12 |  35.3
        D:9 |    2081 |     186 |   8.2 |      27 |      12 |  30.8
       D:10 |    2861 |    1127 |  28.3 |      16 |      12 |  42.9
       D:11 |    2265 |     782 |  25.7 |      10 |       1 |   9.1
       D:12 |    3556 |    4023 |  53.1 |      25 |      14 |  35.9
       D:13 |    4873 |    2787 |  36.4 |      17 |       7 |  29.2
     Temple |     103 |       0 |   0.0 |       1 |       0 |   0.0
            +---------+---------+-------+---------+---------+-------

Illustrated notes

Table legend:
 A = Kills in this place as a percentage of kills in the entire game.
 B = Kills by you in this place as a percentage of kills by you in the entire game.
 C = Kills by friends in this place as a percentage of kills by friends in the entire game.
 D = Other kills in this place as a percentage of other kills in the entire game.
 E = Experience gained in this place as a percentage of experience gained in the entire game.
 F = Experience gained in this place divided by the number of levels of this place that you have seen.
                   A       B       C       D       E      F
               +-------+-------+-------+-------+-------+----------------------
         Total | 100.0 | 100.0 |   N/A |   N/A | 100.0 | 2226.4
       Dungeon |  99.7 |  99.7 |   N/A |   N/A |  99.7 | 2389.8
        Temple |   0.3 |   0.3 |   N/A |   N/A |   0.3 | 103.0
               +-------+-------+-------+-------+-------+----------------------

Table legend: (Time is in decaauts)
 A = Elapsed time spent in this place.
 B = Non-inter-level travel time spent in this place.
 C = Inter-level travel time spent in this place.
 D = Time resting spent in this place.
 E = Time spent auto-exploring this place.
 F = Levels seen in this place.
 G = Mean time per level.
                   A        B        C        D        E       F      G
               +--------+--------+--------+--------+--------+-----+--------+
         Total |  11533 |  10574 |    959 |   1095 |   7764 |  14 |  823.8 |
       Dungeon |  11375 |  10426 |    949 |   1095 |   7636 |  13 |  875.0 |
        Temple |    157 |    147 |     10 |      0 |    128 |   1 |  157.0 |
               +--------+--------+--------+--------+--------+-----+--------+

Top non-repeatable levels by time:
     D:4: 1508 daAuts
    D:12: 1388 daAuts
     D:8: 1052 daAuts
     D:9: 1011 daAuts
     D:7: 934 daAuts
    D:11: 826 daAuts
     D:5: 823 daAuts
    D:10: 752 daAuts
     D:6: 718 daAuts
     D:2: 689 daAuts
     D:1: 664 daAuts
     D:3: 570 daAuts
    D:13: 434 daAuts
  Temple: 157 daAuts
